 Dungeon Crawl Stone Soup version 0.26.0-18-gc5c842f807 (webtiles) character file.

Game seed: 12738023459385622107

165 kaeus the Firebug (level 5, -1/28 HPs)
             Began as a Gargoyle Fire Elementalist on Jan 23, 2021.
             Slain by Crazy Yiuf
             ... wielding a +2 quarterstaff of chaos
              (9 damage)
             ... on level 3 of the Dungeon.
             The game lasted 00:02:18 (4567 turns).

kaeus the Firebug (Gargoyle Fire Elementalist)      Turns: 4567, Time: 00:02:19

Health: -1/28      AC:  6    Str: 12    XL:     5   Next: 46%
Magic:  4/9        EV: 17    Int: 16    God:
Gold:   56         SH:  0    Dex: 16    Spells: 9/10 levels left

rFire    . . .     SeeInvis .   l - +1 mace (vorpal)
rCold    . . .     Faith    .   (no shield)
rNeg     + . .     Spirit   .   a - +0 robe
rPois    ∞         Reflect  .   (no helmet)
rElec    +         Harm     .   (no cloak)
rCorr    .         Rampage  .   (no gloves)
Will     .....                  (no boots)
Stlth    ++........             (no amulet)
HPRegen  0.09/turn              i - +6 ring of dexterity
MPRegen  0.11/turn              (no ring)

@: mighty, agile
A: negative energy resistance 1, electricity resistance, unbreathing,
petrification resistance, miasma immunity, AC +4
a: no special abilities


You were on level 3 of the Dungeon.
You visited 1 branch of the dungeon, and saw 3 of its levels.

You collected 56 gold pieces.

Inventory:

Hand Weapons
 b - a +0 dagger
 l - a +1 vorpal mace (weapon)
Armour
 a - a +0 robe (worn)
Jewellery
 i - a +6 ring of dexterity (left hand)
 k - a +6 ring of strength {unknown}
Scrolls
 e - 2 scrolls of identify
 h - a scroll of enchant weapon {unknown}
 j - a scroll of immolation {unknown}
 m - a scroll of fear
 n - 2 scrolls of teleportation {unknown}
Potions
 c - a potion of attraction {unknown}
 d - 3 potions of flight {unknown}
 f - a potion of might {unknown}
 g - a potion of curing {unknown}
 o - a potion of degeneration {unknown}


   Skills:
 - Level 1.5 Dodging
 - Level 2.1 Stealth
 + Level 3.0 Spellcasting
 + Level 2.8 Conjurations
 * Level 4.7 Fire Magic


You had 9 spell levels left.
You knew the following spells:

 Your Spells              Type           Power        Failure   Level
a - Foxfire               Conj/Fire      56%          4%          1

Your spell library contained the following spells:

 Spells                   Type           Power        Failure   Level
 Conjure Flame            Conj/Fire      14%          12%         3
 Inner Flame              Hex/Fire       10%          22%         3
 Sticky Flame             Conj/Fire      14%          36%         4
 Fireball                 Conj/Fire      7%           73%         5


Dungeon Overview and Level Annotations

Branches:
Dungeon (3/15)

Altars:
Fedhas

Annotations:
D:3 Crazy Yiuf


Innate Abilities, Weirdness & Mutations

You are resistant to torment.
Your stone body is resilient. (AC +4)
You are immune to poison.
You resist negative energy. (rN+)
You are resistant to electric shocks. (rElec)
You can survive without breathing.
You are immune to petrification.
You are immune to miasma.


Message History

Crazy Yiuf is lightly wounded.
Crazy Yiuf hits you with a +2 quarterstaff of chaos.
You feel very mighty all of a sudden.
You take 2 damage, and have 26/28 hp.
You hit Crazy Yiuf.
Crazy Yiuf is moderately wounded.
Crazy Yiuf drinks a potion.
Crazy Yiuf flickers and vanishes!
Deactivating autopickup; reactivate with Ctrl-A.
You hit something. Something barely misses you. Something hits you.
You feel agile all of a sudden.
You take 2 damage, and have 24/28 hp.
You barely miss something. Something hits you!
You feel your power leaking away.
You take 12 damage, and have 12/28 hp.
MASSIVE DAMAGE!!
You now have 4/9 mp.
You barely miss something. Something barely misses you.
You miss something. Something hits you. Something freezes you.
* * * LOW HITPOINT WARNING * * *
You take 4 damage, and have 8/28 hp.
You closely miss something. Something barely misses you. Something hits you!
You die...

#.......................#######
#######################.# #.#
#.# #.# ########## ♣♣♣♣♣##.##
#........# ### ♣♣♣.♣...)..#
#.######.# #...#♣..♣....)..#
#.# #.# #...{@♣♣♣♣......# #.#
#.# #)..#♣♣ ♣♣....## #.# #.#
### ♣♣#### #)# #.# ..# #.# ###
#.# ###


There were no monsters in sight!

Vanquished Creatures
  5 adders
  3 oozes (D:3)
  4 dart slugs
  3 leopard geckos
  11 orcs (D:3)
  7 bats
  2 giant cockroaches
  12 hobgoblins
  6 jackals (D:3)
  3 quokkas
  6 frilled lizards
  10 goblins
  6 kobolds
  5 rats
83 creatures vanquished.

Vanquished Creatures (collateral kills)
  2 foxfires (D:2)
2 creatures vanquished.

Vanquished Creatures (others)
  228 foxfires
228 creatures vanquished.

Grand Total: 313 creatures vanquished

Notes
Turn   | Place    | Note
-------+----------+-------------------------------------------
     0 | D:1      | kaeus the Gargoyle Fire Elementalist began the quest for
                  | the Orb.
     0 | D:1      | Reached XP level 1. HP: 10/10 MP: 3/3
   242 | D:1      | Reached XP level 2. HP: 15/15 MP: 1/5
   621 | D:1      | Reached XP level 3. HP: 19/19 MP: 3/6
  2043 | D:2      | Reached skill level 4 in Fire Magic
  2043 | D:2      | Reached XP level 4. HP: 23/24 MP: 5/7
  2108 | D:2      | Found a blossoming altar of Fedhas.
  3078 | D:3      | Reached XP level 5. HP: 28/28 MP: 0/9
  3451 | D:3      | Found a faded altar of an unknown god.
  3814 | D:3      | Found a runed translucent door.
  3815 | D:3      | Noticed Crazy Yiuf
  4567 | D:3      | Slain by Crazy Yiuf

Illustrated notes

Levels and vault maps discovered:
D:1:      psy_arrival_basics, layout_basic, minmay_tetromino_o4
D:2:      layout_loops_corners, ebering_dispersal_statue_hall,
          serial_bayou_pond_b, chequers_jeans, fedhas_altar_1
D:3:      layout_loops_ring, chequers_ecumenical_altar_simple,
          uniq_crazy_yiuf_cottage

Skill      XL: |  1  2  3  4  5 |
---------------+----------------+-----
Conjurations   | 2 |  2.8
Fire Magic     | 4 |  4.7
Spellcasting   | 3 |  3.0
Dodging        | |  1.5
Stealth        | |  2.1

Action                   |  1- 3 |  4- 6 || total
-------------------------+-------+-------++-------
Melee: Dagger            |    25 |       ||    25
       Mace              |    11 |    50 ||    61
 Cast: Foxfire           |    82 |   102 ||   184
  Use: Scroll            |     4 |       ||     4
Armor: Robe              |    17 |    12 ||    29
Dodge: Dodged            |    42 |    29 ||    71
